AoeStats
← BunkeroXcomm

Four Lakes

509996478Analyzed
1v1 RM · 4d ago on Sep 29, 2026· 42m 6s· 2 players
Game mode
Random Map
Map size
Tiny (2 player)
Population
200
Speed
Normal
Resources
Standard
Victory
Conquest
Starting age
Dark Age
Ending age
Imperial Age
RankedLock teamsTeams togetherTeam positionsShared explorationLock speedFull tech treeHidden civsTurbo modeCheats
Victory
Defeat
🇪🇸 Japanese · Spain
1167
+15
🇨🇴 Chinese · Colombia
1141
-15
BunkeroXcomm
8:39 Loom
11:39 Feudal Age
12:10 Double-Bit Axe
14:03 Horse Collar
17:35 Castle Age
15:46 Padded Archer Armor
15:39 Fletching
16:35 Gold Mining
17:52 Padded Archer Armor
17:56 Crossbowman
19:58 Wheelbarrow
20:54 Bodkin Arrow
22:05 Thumb Ring
22:15 Bloodlines
22:59 Leather Archer Armor
26:39 Ballistics
27:56 Bow Saw
27:48 Heavy Plow
35:09 Scale Barding Armor
37:58 Imperial Age
36:21 Forging
36:17 Scale Barding Armor
36:16 Light Cavalry
36:56 Husbandry
38:35 Chain Barding Armor
40:10 Chemistry
39:35 Conscription
39:39 Bracer
40:56 Arbalester
Muñon Derecho
10:15 Loom
13:05 Feudal Age
17:15 Castle Age
18:07 Medium Warships
28:24 Forging
34:05 Imperial Age
33:24 Forging
33:14 Scale Mail Armor
35:01 Iron Casting
34:43 Elite Samurai
37:27 Blast Furnace
36:42 Chain Mail Armor
37:25 Wheelbarrow
39:52 Plate Mail Armor
Connection lost

Rejoining the realm…

Still unreachable

The connection could not be restored.

Session expired

The server has moved on; the page needs a fresh start.